Map: Rhoskallian LE

Players

qqq

  • Race: Zerg Zerg
  • League: Platinum
  • Spawn Location: 6:00

Massa

  • Race: Terran Terran
  • League: Gold
  • Spawn Location: 5:00

VicMegat

  • Race: Zerg Zerg
  • League: Diamond
  • Spawn Location: 12:00

Scorpio

  • Race: Terran Terran
  • Spawn Location: 11:00

VOD

Have the link to the VOD?

Description

Time

  • Played on: May 21, 2020, noon
  • Length: 13:45
Show
View Real Time Build Order
Export as new Build Order

qqq Zerg 

Build Orders: Hatch First 

Get SALT Encoding   

  12  0:05  Drone  
  13  0:10  Drone  
  14  0:37  Hatchery  
  13  0:52  Spawning Pool  
  12  1:00  Overlord  
  12  1:03  Drone  
  13  1:08  Drone  
  14  1:16  Extractor  
  14  1:17  Drone  
  14  1:23  Drone  
  15  1:34  Drone  
  16  1:44  Drone  
  17  1:55  Queen, Zergling x2  
  17  1:57  Zergling x2  
  21  2:04  Zergling x2  
  22  2:11  Zergling x2  
  23  2:16  Spine Crawler  
  23  2:19  Zergling x2  
  23  2:24  Drone  
  23  2:26  Drone  
  23  2:28  Metabolic Boost  
  25  2:39  Queen  
  27  2:50  Drone  
  28  2:52  Overlord  
  28  3:05  Overlord  
  28  3:12  Drone x4  
  32  3:22  Drone x2  
  34  3:29  Lair  
  34  3:32  Extractor, Drone  
  34  3:35  Drone  
  34  3:38  Drone  
  36  3:47  Drone x2  
  36  3:48  Drone  
  39  3:49  Drone  
  39  3:54  Overlord  
  40  4:02  Drone, Overlord  
  41  4:04  Drone  
  41  4:06  Drone  
  41  4:08  Drone  
  44  4:12  Overlord  
  44  4:19  Overlord  
  44  4:27  Spire  
  44  4:28  Drone  
  44  4:29  Drone  
  45  4:31  Drone  
  45  4:34  Extractor, Drone  
  45  4:35  Drone  
  47  4:43  Drone  
  47  4:44  Overlord  
  48  5:01  Drone x3  
  48  5:06  Extractor  
  50  5:10  Drone  
  50  5:11  Drone  
  50  5:12  Drone  
  53  5:20  Drone  
  54  5:26  Drone  
  55  5:29  Spore Crawler  
  54  5:38  Mutalisk x3  
  54  5:42  Hatchery  
  59  5:45  Drone x3  
  62  5:58  Mutalisk x2  
  66  6:08  Mutalisk x3, Spore Crawler  
  66  6:09  Mutalisk  
  66  6:10  Spine Crawler  
  66  6:11  Overlord  
  72  6:18  Mutalisk  
  72  6:22  Overlord x3  
  74  6:27  Mutalisk  
  74  6:31  Hatchery  
  75  6:34  Overlord  
  75  6:42  Zerg Flyer Weapons Level 1  
  75  6:49  Spore Crawler x2  
  75  6:52  Spore Crawler  
  72  6:54  Mutalisk  
  72  6:56  Corruptor  
  74  7:20  Mutalisk x2  
  74  7:21  Zergling x6  
  74  7:22  Zergling x10  
  86  7:23  Drone x3  
  86  7:26  Queen  
  91  7:35  Evolution Chamber  
  91  7:36  Drone  
  91  7:37  Mutalisk, Infestation Pit, Overlord  
  91  7:38  Spore Crawler  
  91  7:51  Drone x2  
  93  7:52  Queen  
  93  7:55  Overlord  
  82  8:10  Mutalisk x4  
  70  8:36  Mutalisk x2  
  70  8:37  Mutalisk  
  74  8:42  Drone x4  
  74  8:43  Drone  
  76  8:50  Spine Crawler x2  
  76  8:54  Drone x2, Spore Crawler x2  
  74  9:00  Mutalisk x2  
  78  9:08  Mutalisk  
  78  9:26  Drone x3  
  78  9:27  Drone x2  
  78  9:30  Extractor x2  
  81  9:43  Hatchery x2  
  71  9:48  Mutalisk x4  
  71  9:51  Drone x3  
  82  9:58  Zerg Flyer Armor Level 1  
  82  10:28  Mutalisk x3  
  82  10:29  Hatchery, Mutalisk  
  82  10:30  Zergling x4  
  82  10:31  Drone x2  
  82  10:32  Drone  
  82  10:33  Hatchery  
  93  10:50  Hive  
  93  10:52  Zerg Melee Weapons Level 1  
  93  10:55  Overseer  
  87  10:58  Pneumatized Carapace  
  87  11:01  Drone  
  87  11:02  Drone x2  
  88  11:09  Mutalisk  
  88  11:10  Zergling x4  
  92  11:20  Mutalisk x2  
  92  11:23  Drone x2  
  92  11:24  Drone x2  
  100  11:31  Drone x2  
  102  11:35  Drone  
  102  11:36  Drone x2  
  102  11:38  Drone  
  106  11:43  Spine Crawler  
  106  11:44  Spine Crawler  
  104  11:50  Spore Crawler  
  104  11:53  Spine Crawler  
  102  11:55  Spine Crawler, Spore Crawler  
  102  11:57  Drone x6  
  106  12:07  Evolution Chamber  
  105  12:12  Mutalisk  
  105  12:13  Mutalisk x2  
  105  12:15  Drone x2, Ultralisk Cavern  
  63  12:57  Drone x3  
  63  12:58  Drone x6  
  62  12:59  Drone x3  
  62  13:02  Spine Crawler  
  62  13:04  Spine Crawler  
  62  13:06  Spine Crawler  
  57  13:16  Corruptor x2  
Show
View Real Time Build Order
Export as new Build Order

Massa Terran 

Build Orders:  

Get SALT Encoding   

  12  0:08  SCV  
  13  0:17  Supply Depot  
  13  0:20  SCV  
  14  0:32  SCV  
  15  0:40  Barracks  
  15  0:44  SCV  
  16  0:56  SCV  
  17  1:08  SCV  
  18  1:15  Refinery  
  18  1:18  Refinery  
  18  1:21  SCV  
  19  1:29  Supply Depot  
  19  1:30  Marine  
  20  1:33  SCV  
  21  1:45  SCV  
  22  1:47  Marine  
  23  1:57  SCV  
  24  2:06  Barracks  
  24  2:09  SCV  
  25  2:19  Barracks  
  25  2:24  Marine  
  25  2:32  Orbital Command  
  25  2:42  Marine  
  25  2:43  Factory  
  26  2:57  Marine  
  27  3:00  Marine  
  27  3:02  Supply Depot  
  28  3:07  Marine  
  29  3:14  Marine  
  29  3:17  Marine  
  31  3:25  Marine  
  31  3:26  Supply Depot  
  32  3:28  Factory Tech Lab  
  32  3:32  Marine  
  33  3:36  Command Center  
  33  3:50  Starport  
  33  3:55  Starport  
  33  3:58  Barracks Reactor, Barracks Tech Lab  
  33  4:01  Marine  
  34  4:17  Engineering Bay  
  34  4:18  SCV  
  35  4:26  Stimpack  
  35  4:30  SCV  
  36  4:40  Medivac  
  36  4:43  SCV  
  39  4:59  Medivac  
  41  5:02  Marine x2  
  41  5:03  Marine x2  
  45  5:18  Refinery  
  45  5:20  Marine x3  
  50  5:21  Refinery, Orbital Command, Marauder  
  50  5:24  SCV  
  51  5:31  Medivac  
  53  5:37  SCV  
  53  5:41  Terran Infantry Weapons Level 1  
  54  5:49  SCV  
  55  5:55  SCV  
  56  6:00  Marauder, Marine  
  56  6:01  SCV  
  60  6:07  SCV, Missile Turret  
  61  6:13  Supply Depot  
  61  6:17  Combat Shield  
  61  6:19  SCV  
  62  6:29  Missile Turret  
  62  6:35  SCV, Medivac  
  62  6:37  Medivac  
  61  7:05  Medivac  
  61  7:06  Missile Turret  
  61  7:07  Medivac  
  65  7:28  SCV x2, Missile Turret  
  67  7:33  Missile Turret  
  67  7:35  Terran Infantry Armor Level 1  
  67  7:40  SCV x2  
  69  7:49  Missile Turret  
  69  7:53  Missile Turret  
  69  7:54  Supply Depot  
  69  8:09  Missile Turret  
  69  8:14  Missile Turret  
  69  8:15  Siege Tank  
  69  8:17  Supply Depot  
  72  8:26  Factory  
  72  8:31  Missile Turret  
  72  8:33  Armory  
  72  8:39  Supply Depot  
  70  8:47  Siege Tank  
  73  8:52  Marauder, Marine x3  
  76  9:09  Marine, Medivac x2  
  80  9:10  Marine x2  
  80  9:13  Marauder  
  85  9:27  Marine  
  86  9:34  Marauder  
  56  9:56  Marauder  
  58  10:04  Marine x3  
  61  10:17  Marauder  
  63  10:22  Marine x2  
  63  10:27  Thor  
  71  10:39  Marauder  
  73  10:43  Barracks Reactor, Command Center  
  73  10:45  Missile Turret  
  73  10:46  Missile Turret x2  
  73  10:47  Factory Tech Lab  
  73  10:54  Marine x2  
  75  10:59  SCV x2  
  75  11:00  Marauder  
  79  11:08  Missile Turret x2  
  79  11:09  Missile Turret  
  79  11:11  SCV  
  79  11:12  SCV, Marine  
  79  11:13  Marine  
  83  11:18  Starport Reactor  
  83  11:19  Medivac  
  83  11:21  Marauder  
  83  11:23  SCV  
  83  11:24  SCV  
  89  11:43  Marauder  
  89  11:45  SCV x2  
  93  11:54  Medivac  
  93  11:55  Supply Depot  
  93  11:57  SCV x2  
  93  11:59  Planetary Fortress  
  97  12:04  Marauder  
  97  12:06  Smart Servos  
  99  12:09  SCV x2  
  101  12:15  Engineering Bay  
  101  12:17  Supply Depot  
  101  12:21  SCV  
  101  12:22  SCV  
  51  12:35  Marauder, Marine x2  
  53  12:39  Thor  
  53  12:42  Armory  
  53  12:43  Marine x2  
  54  12:51  Medivac  
  54  12:52  Marine  
  54  12:53  Marine  
  54  12:56  Marauder  
  60  13:00  Bunker, Marine  
  60  13:01  Marine  
  59  13:10  Marine  
  57  13:18  Marauder, Marine  
Show
View Real Time Build Order
Export as new Build Order

VicMegat Zerg 

Build Orders: Pool First 

Get SALT Encoding   

  12  0:01  Drone  
  13  0:09  Drone  
  14  0:21  Overlord  
  14  0:27  Extractor  
  13  0:37  Spawning Pool  
  13  0:40  Drone  
  13  0:45  Drone  
  14  0:53  Drone  
  14  0:54  Drone  
  16  1:02  Drone  
  17  1:24  Zergling x4  
  19  1:34  Zergling x2  
  20  1:46  Metabolic Boost  
  20  1:47  Hatchery  
  20  1:51  Overlord  
  19  2:02  Drone, Queen  
  22  2:10  Drone  
  23  2:20  Drone  
  24  2:30  Drone  
  24  2:58  Queen  
  24  3:00  Drone x3  
  24  3:03  Zergling x2  
  30  3:12  Drone x2  
  32  3:14  Hatchery  
  32  3:15  Queen  
  32  3:17  Overlord  
  33  3:23  Drone x2  
  35  3:33  Overlord  
  35  3:36  Drone x3  
  38  3:42  Queen  
  40  3:49  Drone x3  
  43  4:00  Drone x2  
  45  4:04  Drone x2  
  47  4:15  Overlord  
  47  4:16  Overlord  
  47  4:17  Queen  
  47  4:18  Zergling x4  
  47  4:24  Extractor  
  50  4:26  Queen  
  52  4:32  Zergling x2  
  52  4:33  Zergling x8  
  52  4:36  Overlord  
  57  4:43  Drone x4  
  61  5:10  Overlord x2  
  61  5:18  Drone x4, Extractor  
  61  5:19  Drone x3  
  67  5:32  Zergling x12  
  67  5:34  Drone x2  
  67  5:35  Drone  
  76  5:39  Extractor  
  76  5:42  Drone x2  
  77  5:43  Drone  
  77  5:44  Evolution Chamber  
  77  5:45  Evolution Chamber  
  76  6:06  Baneling Nest  
  76  6:07  Lair  
  75  6:13  Zergling x14  
  75  6:14  Zergling x8  
  75  6:16  Zerg Melee Weapons Level 1  
  75  6:17  Zerg Ground Armor Level 1  
  86  6:22  Hatchery  
  85  6:27  Drone  
  85  6:28  Drone x3  
  85  6:30  Overlord x4  
  89  7:00  Baneling  
  89  7:01  Baneling x9  
  89  7:02  Baneling x8  
  89  7:09  Spore Crawler x3  
  89  7:12  Spore Crawler  
  89  7:13  Spore Crawler x2  
  89  7:15  Spore Crawler x2  
  81  7:17  Spore Crawler  
  80  7:34  Queen  
  82  7:43  Drone x4  
  82  7:44  Drone x3  
  88  7:45  Drone x2  
  88  7:50  Extractor  
  90  7:51  Extractor  
  90  7:57  Hydralisk Den  
  82  8:12  Queen x3  
  79  8:13  Queen  
  81  8:30  Hydralisk x7  
  81  8:31  Hydralisk x6  
  106  8:36  Grooved Spines  
  106  8:40  Spore Crawler  
  104  8:49  Zerg Ground Armor Level 2, Zerg Missile Weapons Level 1  
  104  8:55  Centrifical Hooks  
  98  9:19  Baneling  
  98  9:20  Baneling x9  
  98  9:25  Drone x13  
  104  9:52  Zergling x14  
  107  9:53  Zergling x8  
  107  9:56  Baneling  
  107  9:57  Baneling x2  
  110  10:12  Baneling x12  
  110  10:13  Baneling x2  
  110  10:22  Drone  
  110  10:23  Drone x5  
  110  10:24  Drone x4  
  110  10:25  Overlord x2  
  110  10:26  Overlord  
  110  10:27  Overlord  
  120  10:45  Overlord x2  
  120  10:49  Muscular Augments  
  120  11:00  Hydralisk  
  120  11:01  Hydralisk x4  
  130  11:05  Baneling x6  
  130  11:06  Baneling x2  
  130  11:20  Overseer x3  
  130  11:21  Overseer  
  130  11:24  Drone x10  
  140  11:27  Extractor x2  
  138  11:33  Zergling x6  
  138  11:34  Zergling x22  
  152  11:51  Infestation Pit  
  151  12:08  Hydralisk x3  
  151  12:09  Hydralisk  
  151  12:10  Overlord  
  151  12:11  Overlord x4  
  134  12:28  Zergling x24  
  134  12:29  Zergling x16  
  147  12:49  Overlord x3  
  147  12:50  Hydralisk  
  147  12:51  Hydralisk x7  
  149  12:54  Baneling x11  
  149  12:55  Baneling x8  
  159  13:16  Hydralisk x12  
Show
View Real Time Build Order
Export as new Build Order

Scorpio Terran 

Build Orders:  

Get SALT Encoding   

  12  0:00  SCV  
  13  0:13  SCV  
  14  0:18  Supply Depot  
  14  0:25  SCV  
  15  0:30  Refinery  
  15  0:40  SCV  
  16  0:46  Barracks  
  16  0:52  SCV  
  17  1:04  SCV  
  18  1:16  SCV  
  19  1:28  SCV  
  20  1:34  Reaper  
  20  1:39  Command Center  
  21  1:49  Orbital Command  
  21  2:08  Barracks Reactor  
  21  2:09  Supply Depot  
  21  2:17  SCV  
  21  2:20  Refinery  
  22  2:38  SCV  
  22  2:42  Factory  
  23  2:50  SCV  
  24  2:57  Marine x2  
  26  3:02  SCV  
  26  3:04  Supply Depot  
  27  3:14  SCV  
  27  3:17  Marine x2  
  30  3:26  SCV  
  31  3:29  Orbital Command  
  30  3:34  Starport  
  30  3:38  SCV  
  31  3:46  Hellion x2  
  35  3:50  SCV  
  35  3:55  Armory  
  36  3:59  SCV  
  36  4:02  SCV  
  38  4:05  Barracks Tech Lab  
  38  4:11  SCV  
  38  4:14  SCV  
  38  4:16  Fusion Core  
  40  4:23  SCV  
  41  4:27  SCV  
  41  4:31  Hellion, Supply Depot  
  44  4:35  Refinery, SCV  
  45  4:39  SCV  
  46  4:47  SCV  
  46  4:49  Terran Ship Weapons Level 1  
  46  4:51  SCV  
  48  4:56  Supply Depot  
  48  4:57  Supply Depot  
  48  4:58  Hellion x2  
  53  5:00  SCV  
  53  5:03  SCV  
  54  5:12  SCV  
  55  5:18  Battlecruiser  
  61  5:23  SCV, Supply Depot  
  61  5:24  SCV  
  63  5:28  Refinery  
  63  5:35  SCV  
  64  5:36  SCV, Weapon Refit  
  64  5:40  Supply Depot  
  64  5:42  Hellion  
  69  5:43  Hellion  
  69  5:47  SCV  
  69  5:48  SCV  
  71  5:54  Armory  
  71  6:04  Hellion x2  
  75  6:07  SCV  
  75  6:08  SCV  
  77  6:24  SCV x2, Supply Depot  
  79  6:41  Command Center  
  79  7:02  Hellion  
  79  7:03  Hellion  
  77  7:25  Factory  
  77  7:26  SCV x2  
  79  7:30  Factory  
  79  7:31  Terran Vehicle Weapons Level 1  
  79  7:33  Terran Vehicle And Ship Armor Level 1  
  79  7:35  Viking  
  81  7:39  SCV x2  
  83  8:05  Viking  
  81  8:21  Factory Tech Lab x2  
  81  8:23  Hellion x11  
  81  8:27  Engineering Bay  
  81  8:28  Engineering Bay  
  81  8:35  Viking  
  83  8:45  Orbital Command  
  83  8:47  SCV x2  
  85  8:54  Thor x2  
  97  8:59  SCV x2  
  99  9:14  Factory  
  99  9:15  Factory  
  97  9:37  Thor x2  
  105  9:55  Hellion  
  105  9:56  Hellion  
  109  10:07  SCV  
  109  10:12  Factory  
  110  10:17  Factory  
  110  10:19  SCV  
  110  10:20  Thor  
  117  10:28  Supply Depot  
  117  10:31  Supply Depot  
  117  10:32  Factory Tech Lab  
  117  10:38  Supply Depot  
  117  10:40  Factory Tech Lab  
  117  10:41  Supply Depot  
  117  10:46  SCV  
  117  10:49  Thor  
  123  10:56  Factory Tech Lab  
  123  10:58  SCV  
  123  11:00  Thor x5  
  123  11:01  Missile Turret  
  123  11:02  Missile Turret  
  123  11:03  Thor  
  123  11:04  Factory Tech Lab, Missile Turret  
  130  11:10  SCV  
  131  11:18  Battlecruiser  
  137  11:30  Refinery  
  137  11:32  Thor  
  143  11:36  Refinery  
  143  11:37  Command Center  
  143  11:44  Cyclone x2  
  149  12:00  Cyclone, Thor  
  158  12:03  Supply Depot x2  
  158  12:04  Supply Depot  
  158  12:06  Supply Depot  
  158  12:22  Battlecruiser  
Tags
 
Add a new tag
Caveats
  • Supply blocks, unpowered buildings, or Contaminate may cause inaccurate times.
  • Supply counts are checked every 10 seconds.